 Dungeon Crawl Stone Soup version 0.31.0-11-ge490571c62 (webtiles) character file.

Game seed: 12460193347736492805

2419 RancidPinata the Covert (level 9, -6/64 HPs)
             Began as an Octopode Delver on Jan 30, 2024.
             Mangled by an orc warrior
             ... wielding a +0 hand axe
              (16 damage)
             ... in a bailey on Jan 31, 2024.
             The game lasted 00:38:54 (6466 turns).

RancidPinata the Covert (Octopode Delver)           Turns: 6466, Time: 00:38:55

Health: -6/64      AC:  1    Str: 13    XL:     9   Next: 48%
Magic:  9/9        EV: 16    Int: 12    God:
Gold:   530        SH:  0    Dex: 16    Spells: 8/8 levels left

rFire   . . .        d - +0 dagger (protect)
rCold   . . .        (no shield)
rNeg    . . .        (helmet restricted)
rPois   .            (no amulet)
rElec   .            u - ring of see invisible
rCorr   .            (no ring)
SInv    +            (no ring)
Will    .....        (no ring)
Stlth   ++++++       (no ring)
HPRegen 0.30/turn    (no ring)
MPRegen 0.11/turn    (no ring)
                     (no ring)

%: no passive effects
@: about to teleport
A: almost no armour, amphibious, 8 rings, camouflage 1, gelatinous body 1,
(nimble swimmer 1), tentacles
a: no special abilities


You were in a bailey.
You visited 1 branch of the dungeon, and saw 7 of its levels.
You also visited: Bailey.

You collected 530 gold pieces.

Inventory:

Hand Weapons
 a - a +0 short sword
 d - a +0 dagger of protection (weapon)
 y - a +0 demon whip of electrocution
Missiles
 o - 2 poisoned darts (quivered)
 r - 74 stones
 s - 17 boomerangs
Jewellery
 u - a ring of see invisible (left tentacle)
Wands
 f - a wand of digging (3)
 k - a wand of quicksilver (14)
Scrolls
 b - 3 scrolls of fog
 c - 3 scrolls of revelation
 h - a scroll of vulnerability {unknown}
 l - a scroll of poison {unknown}
 m - 2 scrolls of silence
 x - a scroll of enchant weapon {unknown}
Potions
 j - 3 potions of mutation
 n - a potion of degeneration {unknown}
 p - 2 potions of might {unknown}
 q - 4 potions of brilliance
 t - a potion of curing {unknown}
 v - a potion of berserk rage
 w - a potion of ambrosia {unknown}
 z - a potion of magic {unknown}
 A - 2 potions of invisibility {unknown}


   Skills:
 * Level 7.4 Fighting
 + Level 5.2 Short Blades
 * Level 6.7 Dodging
 * Level 11.4 Stealth


You had 8 spell levels left.
You didn't know any spells.
Your spell library contained the following spells:

 Spells                   Type           Power      Damage    Failure   Level
 Dazzling Flash           Conj/Hex       0%         N/A       69%         3
 Frozen Ramparts          Ice            0%         1d1       69%         3
 Mephitic Cloud           Conj/Alch/Air  0%         N/A       69%         3
 Leda's Liquefaction      Alch/Erth      0%         N/A       97%         4
 Petrify                  Alch/Erth      0%         N/A       97%         4
 Summon Lightning Spire   Summ/Air       0%         N/A       97%         4
 Curse of Agony           Necr           0%         N/A       100%        5
 Iskenderun's Battlesphe  Conj           0%         2d6       100%        5
 Lee's Rapid Deconstruct  Erth           0%         3d4*      100%        5
 Metabolic Englaciation   Hex/Ice        0%         N/A       100%        5
 Silence                  Hex/Air        0%         N/A       100%        5
 Bombard                  Conj/Erth      0%         9d1       100%        6
 Conjure Ball Lightning   Conj/Air       0%         3x3d6     100%        6
 Spellforged Servitor     Conj/Summ      0%         N/A       100%        7
 Discord                  Hex            0%         N/A       100%        8
 Disjunction              Tloc           0%         N/A       100%        8
 Animate Armour           Summ/Erth      Unusable   N/A       N/A         4

Dungeon Overview and Level Annotations

Branches:
Dungeon (7/15)             Temple (0/1) D:5          Bailey (1/1)

Altars:
Trog
The Shining One


Innate Abilities, Weirdness & Mutations

You cannot wear most types of armour.
You are amphibious.
You can wear up to eight rings at the same time.
Your skin changes colour to match your surroundings (Stealth+).
Your rubbery body absorbs attacks. (AC +1, EV +1)
((You are camouflaged when in or above water. (Stealth+)))
You have tentacles for arms and can constrict up to eight enemies at once.


Message History

An orc, a hobgoblin and 2 orc warriors come into view.
An orc warrior comes into view. It is wielding a +0 war axe.
The orc warrior shouts! x3; You hear a shout!
The hobgoblin shouts! x2
You hear a shout! x2
There is a fountain of clear blue water here.
The hobgoblin shouts!
An orc comes into view. It is wielding a +0 hand axe.
The orc warrior suddenly grunts.
The orc hits you with a +0 hand axe! The hobgoblin misses you.
The orc warrior closely misses you.
The orc moves out of view.
The orc misses you.
The orc warrior attacks as it pursues you!
The orc warrior closely misses you.
An orc comes into view. It is wielding a +0 hand axe.
The orc hits you with a +0 hand axe!
An orc warrior comes into view. It is wielding a +0 war axe.
The orc warrior hits you with a +0 hand axe!
A goblin comes into view. It is wielding a +0 hand axe. x2
The hobgoblin completely misses you.
As you read the scroll labelled PED ETIUHUIL, it crumbles to dust.
You feel strangely unstable.
It was a scroll of teleportation.
The goblin shouts! x2; You hear a shout!
The hobgoblin hits you with a +0 hand axe.
You feel much better. The orc hits you with a +0 hand axe.
The orc warrior hits you with a +0 war axe!
The orc warrior curses noisily.
The orc warrior hits you with a +0 hand axe!
* * * LOW HITPOINT WARNING * * *
The hobgoblin completely misses you.
The orc warrior hits you with a +0 hand axe!
* * * LOW HITPOINT WARNING * * *
You feel much better. The orc hits you with a +0 hand axe!
The orc warrior completely misses you.
An orc warrior comes into view. It is wielding a +3 battleaxe.
The orc warrior hits you with a +0 war axe!
* * * LOW HITPOINT WARNING * * *
The hobgoblin hits you with a +0 hand axe.
* * * LOW HITPOINT WARNING * * *
The orc warrior hits you with a +0 hand axe!
You die...

........8##..,,,,,...#...........
........##*o.,,,,,..###.........#
#.....###.***,,,,,###.###.....###
###.#'#,,..,***,###.....#'#.###♣♣
###,,,,...,,*##.........###♣♣♣♣
*,,,,,....,,#...........#♣♣♣♣♣
*,,,,,.....,#g..........#♣♣♣♣♣
*,,,,,o..g.o#oo...⌠.....#♣♣♣♣♣
*,,,,,g..g.oo@g.........#♣♣♣♣♣
*,,,,,......#ooo........#♣♣♣♣♣
**,,,,.....*##g........##♣♣♣♣♣
***,,...#** ###.....### ***.#**
###.### *** ###


You could see 6 orc warriors, 3 orcs, 3 hobgoblins and 3 goblins.

Vanquished Creatures
  Prince Ribbit (D:4)
  11 orc warriors (Bailey)
  An ice beast (D:4)
  2 ogres (D:4)
  3 phantoms
  A scorpion (D:6)
  A howler monkey (D:7)
  A bombardier beetle (D:5)
  2 hounds (D:5)
  2 jellies (D:6)
  Natasha (thrice) (D:2)
  An orc wizard (D:3)
  16 gnolls
  7 adders
  2 shadow imps
  2 dart slugs (D:1)
  2 ribbon worms
  26 orcs
  9 bats
  9 endoplasms
  5 giant cockroaches
  5 goblins
  12 hobgoblins
  2 quokkas (D:1)
  4 ball pythons
  6 frilled lizards
  A goblin skeleton (D:5)
  A hobgoblin zombie (D:5)
  3 kobolds
  A kobold skeleton (D:5)
  2 orc zombies (D:5)
  8 rats
152 creatures vanquished.

Notes
Turn   | Place    | Note
-------+----------+-------------------------------------------
     0 | D:5      | RancidPinata the Octopode Delver began the quest for the
                  | Orb.
     0 | D:5      | Reached XP level 1. HP: 16/16 MP: 1/1
    62 | D:6      | Reached XP level 2. HP: 21/21 MP: 2/2
    86 | D:5      | Reached skill level 7 in Stealth
    86 | D:5      | Reached XP level 3. HP: 26/26 MP: 3/3
   285 | D:5      | Reached XP level 4. HP: 20/33 MP: 4/4
   395 | D:5      | Noticed a phantom
   626 | D:6      | Noticed a scorpion
   717 | D:5      | Noticed Prince Ribbit
   757 | D:4      | Noticed a phantom
   867 | D:3      | Identified the +4 chain mail of the Dwarven Hall {Dex+5}
  1068 | D:2      | Reached XP level 5. HP: 35/37 MP: 5/5
  1367 | D:2      | Noticed Natasha
  1376 | D:2      | Killed Natasha
  1402 | D:2      | Noticed Natasha
  1405 | D:2      | Killed Natasha
  1510 | D:2      | Noticed Natasha
  1518 | D:2      | Killed Natasha
  1983 | D:1      | Reached XP level 6. HP: 43/43 MP: 6/6
  2374 | D:2      | Reached skill level 8 in Stealth
  3672 | D:4      | Found a bloodstained altar of Trog.
  3681 | D:4      | Noticed an ice beast
  3921 | D:4      | Reached XP level 7. HP: 46/49 MP: 7/7
  3955 | D:4      | Reached skill level 5 in Fighting
  4129 | D:4      | HP: 1/50 [ice beast (10)]
  4137 | D:4      | Reached skill level 9 in Stealth
  4473 | D:4      | Killed Prince Ribbit
  4474 | D:4      | Reached skill level 5 in Dodging
  4474 | D:4      | Reached XP level 8. HP: 44/57 MP: 8/8
  4606 | D:5      | Found a staircase to the Ecumenical Temple.
  4799 | D:5      | Found a glowing golden altar of the Shining One.
  5279 | D:6      | Reached skill level 10 in Stealth
  5402 | D:7      | Found a flagged portal.
  5419 | Bailey   | Entered a bailey
  5781 | Bailey   | Reached XP level 9. HP: 21/63 MP: 9/9
  5993 | Bailey   | Reached skill level 5 in Short Blades
  6012 | Bailey   | Reached skill level 11 in Stealth
  6258 | Bailey   | Noticed an orc knight
  6466 | Bailey   | Mangled by an orc warrior

Illustrated notes

Levels and vault maps discovered:
D:1:      roderic_crop_circles_arrival_small, layout_basic,
          supply_closet_lemuel, nicolae_titane
D:2:      layout_rooms, uniq_natasha
D:3:      layout_basic
D:4:      layout_cave_pools, old_standard_altar, hangedman_decor_points
D:5:      layout_rooms, nicolae_tso_besieged_by_evil,
          minmay_temple_entry_statues_pillars, uniq_prince_ribbit1
D:6:      layout_layer_cave
D:7:      layout_layer_cave, chequers_temple_overflow_statue_of_worship,
          enter_bailey_6, chequers_decorated_corner, serial_bayou_ford_a,
          nicolae_benzene_ring, dreamdust_princess_bridge,
          kennysheep_generic_room_16, uniq_duvessa
Bailey:   bailey_axe_minmay_hex_keep, bailey

Skill      XL: |  1  2  3  4  5  6  7  8  9 |
---------------+----------------------------+-----
Stealth        | 7 8 9 10 11 | 11.4
Dodging        | 3 4 5 6 |  6.7
Fighting       | 4 5 6 7 |  7.4
Short Blades   | 3 4 5 |  5.2

Action                     |  1- 3 |  4- 6 |  7- 9 || total
---------------------------+-------+-------+-------++-------
  Melee: Short sword       |    14 |       |       ||    14
         Tentacles         |     3 |   116 |   118 ||   237
         Constrict         |     7 |    67 |    58 ||   132
         Dagger            |     6 |   322 |   331 ||   659
         Punch             |       |    12 |     8 ||    20
  Throw: Dart              |       |       |    13 ||    13
         Boomerang         |       |       |     1 ||     1
    Use: Scroll            |     1 |       |     7 ||     8
         Potion            |       |       |     7 ||     7
   Stab: Sleeping          |     1 |    19 |     7 ||    27
         Distracted        |       |     5 |     2 ||     7
 Armour: Skin              |    11 |   102 |   117 ||   230
  Dodge: Dodged            |     9 |   135 |   203 ||   347
